 Dungeon Crawl Stone Soup version 0.21.1-1-g345015f (webtiles) character file.

14660 lorenzova the Eclecticist (level 11, -8/54 HPs)
             Began as a Deep Elf Conjurer on Mar 12, 2018.
             Was a High Priest of Sif Muna.
             Mangled by a two-headed ogre
             ... wielding a +0 giant club
              (13 damage)
             ... on level 11 of the Dungeon.
             The game lasted 00:50:28 (16163 turns).

lorenzova the Eclecticist (Deep Elf Conjurer)      Turns: 16163, Time: 00:50:29

Health: -8/54      AC: 11    Str:  8    XL:     11   Next: 91%
Magic:  13/32      EV:  8    Int: 24    God:    Sif Muna [*****.]
Gold:   756        SH:  0    Dex: 15    Spells: 27/40 levels left

rFire    + + +     SeeInvis .   P - +1 spear of Mauratas {flame, rElec Str+3} (curse)
rCold    + . .     Gourm    .   (no shield)
rNeg     + . .     Faith    .   X - +0 scale mail "Lowurr" {*Contam rF+++ Stlth+} (curse)
rPois    .         Spirit   .   p - +0 helmet of Jeghai {rF+ rC+}
rElec    +         Reflect  .   n - +0 cloak
rCorr    .         Harm     .   D - +1 pair of gloves
MR       ++...                  (no boots)
Stlth    ++........             (no amulet)
HPRegen  0.18/turn              w - ring of protection from magic
MPRegen  0.23/turn              I - ring of positive energy

@: lethally poisoned (-8 -> -10)
A: no striking features
a: Divine Energy, Channel Magic, Forget Spell, Renounce Religion


You were on level 11 of the Dungeon.
You worshipped Sif Muna.
Sif Muna was extremely pleased with you.
You were hungry.

You visited 1 branch of the dungeon, and saw 11 of its levels.
You also visited: Sewer.

You collected 756 gold pieces.

Inventory:

Hand Weapons
 o - a +2 short sword of venom
 y - a +2 whip of electrocution
 P - the cursed +1 spear of Mauratas (weapon) {flame, rElec Str+3}
   (You found it on level 4 of the Dungeon)

   It has been specially enchanted to burn those struck by it, causing extra
   injury to most foes and up to half again as much damage against particularly
   susceptible opponents.
   It affects your strength (+3).
   It insulates you from electricity.
   It has a curse placed upon it.
Armour
 n - a +0 cloak (worn)
 p - the +0 helmet of Jeghai (worn) {rF+ rC+}
   (You took it off Robin on level 3 of the Dungeon)

   It protects you from fire.
   It protects you from cold.
 D - a +1 pair of gloves (worn)
 E - a +2 robe of magic resistance
 X - the cursed +0 scale mail "Lowurr" (worn) {*Contam rF+++ Stlth+}
   (You found it on level 10 of the Dungeon)

   It renders you almost immune to fire.
   It causes magical contamination when unequipped.
   It makes you more stealthy.
   It has a curse placed upon it.
Jewellery
 s - an uncursed ring of fire
 w - a ring of protection from magic (left hand)
 I - a ring of positive energy (right hand)
 L - an uncursed ring of ice
Wands
 u - a wand of flame (39)
 v - a wand of disintegration (9)
 H - a wand of iceblast (15)
 S - a wand of paralysis (14)
Scrolls
 e - 5 scrolls of remove curse
 f - 3 scrolls of teleportation
 i - 5 scrolls of enchant weapon {unknown}
 j - a scroll of fear {unknown}
 m - 2 scrolls of noise {unknown}
 q - 3 scrolls of amnesia {unknown}
 x - 3 scrolls of random uselessness {unknown}
 B - a scroll of magic mapping {unknown}
 K - 4 scrolls of identify
 N - 2 scrolls of fog {unknown}
 Q - a scroll of immolation {unknown}
 U - a scroll of summoning {unknown}
 V - a scroll of blinking {unknown}
Potions
 d - 2 potions of flight
 g - 13 potions of heal wounds
 h - a potion of haste
 k - 6 potions of curing
 r - a potion of invisibility
 z - 4 potions of agility
 A - 6 potions of brilliance
 C - a potion of ambrosia
 F - 2 potions of resistance {unknown}
 G - a potion of magic {unknown}
 J - a potion of lignification {unknown}
 M - 2 potions of degeneration {unknown}
 T - 2 potions of mutation {unknown}
Books
 a - Sif Muna's Papyrus of the Supportive Rocks
   (Sif Muna gifted it to you on level 8 of the Dungeon)

   Spells                             Type                      Level
   a - Passwall                       Transmutation/Earth          2
   b - Leda's Liquefaction            Hexes/Earth                  4
   c - Monstrous Menagerie            Summoning                    7
 b - a book of Conjurations

   Spells                             Type                      Level
   a - Magic Dart                     Conjuration                  1
   b - Searing Ray                    Conjuration                  2
   c - Dazzling Spray                 Conjuration/Hexes            3
   d - Fulminant Prism                Conjuration/Hexes            4
   e - Force Lance                    Conjuration/Translocation    4
   f - Iskenderun's Mystic Blast      Conjuration                  4
 l - a book of Changes

   Spells                             Type                      Level
   a - Beastly Appendage              Transmutation                1
   b - Sticks to Snakes               Transmutation                2
   c - Spider Form                    Transmutation/Poison         3
   d - Ice Form                       Ice/Transmutation            4
   e - Blade Hands                    Transmutation                5
 t - a book of Misfortune

   Spells                             Type                      Level
   a - Confusing Touch                Hexes                        1
   b - Confuse                        Hexes                        3
   c - Gell's Gravitas                Translocation                3
   d - Petrify                        Transmutation/Earth          4
   e - Metabolic Englaciation         Hexes/Ice                    5
   f - Yara's Violent Unravelling     Hexes/Transmutation          5
 O - a book of Beasts

   Spells                             Type                      Level
   a - Summon Butterflies             Summoning                    1
   b - Call Canine Familiar           Summoning                    3
   c - Summon Ice Beast               Ice/Summoning                4
   d - Summon Mana Viper              Hexes/Summoning              5
   e - Summon Hydra                   Summoning                    7
 R - Sif Muna's Incunabulum of the Rocks and Unholy Arts
   (Sif Muna gifted it to you on level 9 of the Dungeon)

   Spells                             Type                      Level
   a - Corpse Rot                     Necromancy                   2
   b - Stone Arrow                    Conjuration/Earth            3
   c - Animate Dead                   Necromancy                   4
   d - Iron Shot                      Conjuration/Earth            6
   e - Death Channel                  Necromancy                   6
   f - Lehudib's Crystal Spear        Conjuration/Earth            8
 W - Sif Muna's Compendium of Battle Magic
   (Sif Muna gifted it to you on level 11 of the Dungeon)

   Spells                             Type                      Level
   a - Throw Icicle                   Conjuration/Ice              4
   b - Bolt of Draining               Conjuration/Necromancy       5
   c - Freezing Cloud                 Conjuration/Ice/Air          6
   d - Bolt of Cold                   Conjuration/Ice              6
   e - Poison Arrow                   Conjuration/Poison           6
 Y - a Young Poisoner's Handbook

   Spells                             Type                      Level
   a - Sting                          Conjuration/Poison           1
   b - Poisonous Vapours              Poison/Air                   2
   c - Mephitic Cloud                 Conjuration/Poison/Air       3
   d - Olgreb's Toxic Radiance        Poison                       4
   e - Venom Bolt                     Conjuration/Poison           5
Comestibles
 c - 21 rations


   Skills:
 + Level 2.5 Armour
 - Level 2.4 Dodging
 - Level 2.4 Stealth
 * Level 15.2 Spellcasting
 * Level 13.4 Conjurations
 - Level 9.2 Hexes
 * Level 3.5 Earth Magic
 + Level 3.7 Invocations


You had 27 spell levels left.
You knew the following spells:

 Your Spells              Type           Power        Failure   Level  Hunger
a - Magic Dart            Conj           ####         1%          1    None
b - Searing Ray           Conj           ######       1%          2    None
c - Iskenderun's Mystic   Conj           ######..     1%          4    None
d - Fulminant Prism       Conj/Hex       ######....   2%          4    None
e - Passwall              Tmut/Erth      ####......   22%         2    None


Dungeon Overview and Level Annotations

Branches:
Dungeon (11/15)            Temple (0/1) D:7             Orc (0/2) D:11
   Lair: D:8-11

Altars:
Ashenzari
Cheibriados
Elyvilon
Gozag
Hepliaklqana
Makhleb
Nemelex Xobeh
Okawaru
Qazlal
Sif Muna
Vehumet
Xom
The Shining One

Shops:
D:11 (


Message History

Confirm with . or Enter, or press ? or * to list all spells.
Aiming: Iskenderun's Mystic Blast
Press: ? - help, Shift-Dir - straight line, f - two-headed ogre
Aim: a two-headed ogre, wielding two giant clubs The orb of energy hits the two-headed ogre.
The two-headed ogre is moderately wounded.
You feel sick.
The two-headed ogre hits you with a giant club!!
The two-headed ogre hits you with a giant club!
* * * LOW HITPOINT WARNING * * *
Casting: Iskenderun's Mystic Blast
Confirm with . or Enter, or press ? or * to list all spells.
Aiming: Iskenderun's Mystic Blast
Press: ? - help, Shift-Dir - straight line, f/p - two-headed ogre
Aim: a two-headed ogre, wielding two giant clubs (moderately wounded)
The orb of energy hits the two-headed ogre.
The two-headed ogre is severely wounded.
The orb of energy explodes!
The two-headed ogre barely misses you.
The two-headed ogre hits you with a giant club!
You die...

♣≈≈........♣♣♣♣♣♣♣##.#
#.#†......†.†.#####.#
#..........<#....##.#
#.........####.....
#.†.......# ####.#
#†........# #.#
#.........# #.#
#.........# #..
#.@.......# ##.
###O####### ### ..#
#.. .### #># .# ######
#..... #..... #.....
......


You could see a two-headed ogre.

Vanquished Creatures
  Erica (D:8)
  3 two-headed ogres
  Pikel (D:5)
  The ghost of bmj180 the Cutter, a novice HaFi (D:4)
  Maurice (D:8)
  A centaur zombie (D:11)
  2 cyclopes (D:11)
  3 hornets
  4 trolls
  Grinder (Sewer)
  2 hippogriffs (D:10)
  4 yaks (D:10)
  The ghost of aMcNicky the Caller, an amateur TeSu (D:5)
  A wyvern (D:8)
  Menkaure (D:6)
  Grum (D:8)
  3 water moccasins
  A sky beast (D:7)
  3 ice beasts
  4 orc warriors
  2 slaves (D:5)
  4 ogres
  2 phantoms
  4 centaurs
  2 wolves (D:8)
  6 big kobolds
  5 bullfrogs
  3 scorpions
  An oklob sapling (D:11)
  42 killer bees
  4 wights
  A crimson imp (D:11)
  A bullfrog zombie (D:10)
  A quasit (Sewer)
  3 hounds
  2 jellies
  6 orc wizards
  A gnoll shaman (D:6)
  7 orc priests
  A bullfrog skeleton (D:10)
  2 centaur skeletons (D:8)
  3 iron imps (D:5)
  2 iguanas
  10 worker ants
  A big kobold zombie (Sewer)
  A hound zombie (D:11)
  Robin (D:3)
  A worker ant zombie (D:8)
  18 gnolls
  18 adders
  5 shadow imps
  4 ufetubi (Sewer)
  3 oozes
  An adder skeleton (D:3)
  An adder zombie (Sewer)
  2 worms
  3 leopard geckos
  36 orcs
  3 giant cockroaches
  17 goblins
  12 hobgoblins
  10 jackals
  6 quokkas
  11 ball pythons
  12 bats
  6 frilled lizards
  42 kobolds
  A quokka zombie (D:6)
  11 rats
  2 plants (D:11)
382 creatures vanquished.

Vanquished Creatures (others)
  2 centaurs (D:7)
  A bullfrog (D:7)
  A scorpion (D:5)
  3 killer bees (D:7)
  A howler monkey (D:7)
  A hound (D:7)
  An orc priest (D:5)
  A worker ant (D:7)
  5 orcs
  A giant cockroach zombie (Sewer)
  A jackal zombie (D:7)
  A kobold zombie (Sewer)
  82 fulminant prisms
  4 plants (D:11)
105 creatures vanquished.

Grand Total: 487 creatures vanquished

Notes
Turn   | Place    | Note
-------+----------+-------------------------------------------
     0 | D:1      | lorenzova the Deep Elf Conjurer began the quest for the Orb.
     0 | D:1      | Reached XP level 1. HP: 10/10 MP: 6/6
   367 | D:1      | Reached XP level 2. HP: 15/15 MP: 4/8
   992 | D:1      | Reached skill level 4 in Spellcasting
  1257 | D:2      | Found a deep blue altar of Sif Muna.
  1341 | D:2      | Became a worshipper of Sif Muna the Loreminder
  1392 | D:2      | Found a sparkling altar of Nemelex Xobeh.
  1470 | D:2      | Reached skill level 5 in Conjurations
  1470 | D:2      | Reached XP level 3. HP: 19/19 MP: 7/10
  1493 | D:2      | Learned a level 2 spell: Searing Ray
  1747 | D:2      | Reached XP level 4. HP: 24/24 MP: 4/12
  1832 | D:2      | Reached skill level 5 in Spellcasting
  1910 | D:2      | Learned a level 4 spell: Iskenderun's Mystic Blast
  2287 | D:2      | Reached XP level 5. HP: 28/28 MP: 11/14
  2413 | D:3      | Reached * piety under Sif Muna
  2605 | D:3      | Reached skill level 6 in Spellcasting
  2663 | D:3      | Noticed Robin
  2798 | D:3      | Killed Robin
  2951 | D:3      | Got a steaming helmet
  2958 | D:3      | Identified the cursed +0 helmet of Jeghai {rF+ rC+} (You took it off Robin on level 3 of the Dungeon)
  3005 | D:3      | Reached XP level 6. HP: 32/32 MP: 14/17
  3011 | D:3      | Learned a level 4 spell: Fulminant Prism
  3413 | D:3      | Found a snail-covered altar of Cheibriados.
  3442 | D:3      | Reached skill level 1 in Hexes
  3926 | D:4      | Reached ** piety under Sif Muna
  3930 | D:4      | Noticed bmj180's ghost (novice HaFi)
  4132 | D:4      | Reached skill level 7 in Spellcasting
  4498 | D:4      | Found a white marble altar of Elyvilon.
  4498 | D:4      | Found a glowing golden altar of the Shining One.
  4603 | D:5      | Entered Level 5 of the Dungeon
  4657 | D:5      | Reached XP level 7. HP: 36/36 MP: 15/19
  4722 | D:4      | Found a radiant altar of Vehumet.
  4824 | D:5      | Found an iron altar of Okawaru.
  4880 | D:5      | Noticed Pikel
  4921 | D:6      | Found a glowing drain.
  4959 | Sewer    | Entered a sewer
  5412 | Sewer    | Reached skill level 8 in Spellcasting
  5521 | Sewer    | Found a burning altar of Makhleb.
  5533 | Sewer    | Noticed Grinder
  5590 | Sewer    | Killed Grinder
  5590 | Sewer    | Reached *** piety under Sif Muna
  5590 | Sewer    | Reached XP level 8. HP: 41/41 MP: 13/22
  6048 | D:6      | Reached skill level 9 in Spellcasting
  6294 | D:6      | Noticed Menkaure
  6506 | D:5      | Killed Pikel
  6506 | D:5      | Reached skill level 10 in Spellcasting
  6506 | D:5      | Reached skill level 5 in Hexes
  6615 | D:5      | Reached **** piety under Sif Muna
  6714 | D:5      | Found a burning altar of Makhleb.
  6838 | D:5      | Noticed aMcNicky's ghost (amateur TeSu)
  6848 | D:5      | Killed aMcNicky's ghost
  6848 | D:5      | Reached XP level 9. HP: 45/45 MP: 9/25
  7910 | D:6      | Killed Menkaure
  8018 | D:7      | Reached skill level 10 in Conjurations
  8020 | D:7      | Reached skill level 11 in Spellcasting
  8453 | D:7      | Found a shimmering altar of Xom.
  8980 | D:7      | Found a staircase to the Ecumenical Temple.
  9187 | D:8      | Noticed Maurice
  9187 | D:8      | Noticed Erica
  9341 | D:8      | Reached ***** piety under Sif Muna
  9341 | D:8      | Identified Sif Muna's Papyrus of the Supportive Rocks (Sif Muna gifted it to you on level 8 of the Dungeon)
  9341 | D:8      | Received a gift from Sif Muna
  9751 | D:8      | Found a stormy altar of Qazlal.
  9846 | D:8      | Reached skill level 12 in Spellcasting
 10075 | D:8      | Killed Maurice
 10075 | D:8      | Reached XP level 10. HP: 50/50 MP: 8/28
 10540 | D:9      | Found an opulent altar of Gozag.
 10834 | D:8      | Killed Erica
 11065 | D:8      | Reached skill level 13 in Spellcasting
 11291 | D:8      | Noticed Grum
 11296 | D:8      | Killed Grum
 11361 | D:8      | Noticed a two-headed ogre
 11379 | D:8      | Killed a two-headed ogre
 11782 | D:4      | Killed bmj180's ghost
 11870 | D:4      | Got a transparent spear
 11871 | D:4      | Identified the cursed +1 spear of Mauratas {flame, rElec Str+3} (You found it on level 4 of the Dungeon)
 12546 | D:9      | Identified Sif Muna's Incunabulum of the Rocks and Unholy Arts (Sif Muna gifted it to you on level 9 of the Dungeon)
 12546 | D:9      | Received a gift from Sif Muna
 12558 | D:9      | Found a hazy altar of Hepliaklqana.
 12994 | D:9      | Found a shattered altar of Ashenzari.
 13129 | D:9      | Reached XP level 11. HP: 54/54 MP: 20/30
 13223 | D:10     | Entered Level 10 of the Dungeon
 13226 | D:10     | Reached skill level 14 in Spellcasting
 13514 | D:10     | Reached skill level 1 in Invocations
 13638 | D:10     | Noticed a two-headed ogre
 13644 | D:10     | Killed a two-headed ogre
 13644 | D:10     | Reached skill level 1 in Armour
 13985 | D:10     | Noticed a two-headed ogre
 13991 | D:10     | Killed a two-headed ogre
 14593 | D:10     | Learned a level 2 spell: Passwall
 14694 | D:10     | Got a faintly humming scale mail
 14785 | D:9      | Identified the cursed +0 scale mail "Lowurr" {*Contam rF+++ Stlth+} (You found it on level 10 of the Dungeon)
 14801 | D:10     | Reached skill level 1 in Earth Magic
 15043 | D:11     | Found Gumadgho's Weapon Emporium.
 15725 | D:11     | Reached skill level 15 in Spellcasting
 15942 | D:11     | Found a staircase to the Orcish Mines.
 15967 | D:11     | Identified Sif Muna's Compendium of Battle Magic (Sif Muna gifted it to you on level 11 of the Dungeon)
 15967 | D:11     | Received a gift from Sif Muna
 16162 | D:11     | Noticed a two-headed ogre
 16163 | D:11     | Mangled by a two-headed ogre

Skill      XL: |  1  2  3  4  5  6  7  8  9 10 11 |
---------------+----------------------------------+-----
Spellcasting   | 4 5 6 7 8 10 12 13 15 | 15.2
Conjurations   | 5 6 7 8 9 11 12 13 | 13.4
Hexes          | 2 3 5 7 9 |  9.2
Invocations    | 3 |  3.7
Armour         | 2 |  2.5
Earth Magic    | 3 |  3.5
Dodging        | |  2.4
Stealth        | |  2.4

Action                   |  1- 3 |  4- 6 |  7- 9 | 10-12 || total
-------------------------+-------+-------+-------+-------++-------
Melee: Dagger            |       |     2 |       |       ||     2
       Short sword       |       |     3 |    36 |     4 ||    43
       Whip              |       |       |     4 |       ||     4
       Spear             |       |       |       |    36 ||    36
 Cast: Magic Dart        |    66 |   141 |   142 |   149 ||   498
       Searing Ray       |     1 |     3 |    10 |     4 ||    18
       Iskenderun's Myst |       |    11 |    37 |   106 ||   154
       Fulminant Prism   |       |     4 |    30 |    48 ||    82
  Use: Potion            |       |       |     2 |     1 ||     3
       Scroll            |       |       |     8 |       ||     8
 Stab: Sleeping          |       |     2 |     7 |     2 ||    11
  Eat: Chunk             |     2 |     6 |    16 |    14 ||    38
       Ration            |       |     1 |     1 |     1 ||     3
Armor: Robe              |       |     1 |    18 |    32 ||    51
       Scale mail        |       |       |       |    20 ||    20
Dodge: Dodged            |     6 |     8 |    55 |    95 ||   164
